 Dungeon Crawl Stone Soup version 0.22.1-1-ga44c0e5 (webtiles) character file.

5702 Folque the Slinger (level 11, -3/72 HPs)
             Began as a Halfling Hunter on Sept 24, 2018.
             Was an Elder of Zin.
             Slain by a centaur
             ... wielding a +0 whip
              (4 damage)
             ... on level 9 of the Dungeon.
             The game lasted 01:04:13 (8696 turns).

Folque the Slinger (Halfling Hunter)                Turns: 8696, Time: 01:04:15

Health: -3/72      AC:  3    Str: 16 (18) XL:     11   Next: 5%
Magic:  16/16      EV: 19    Int:  7 (9)  God:    Zin [****..]
Gold:   341        SH:  7    Dex: 19 (20) Spells: 10/10 levels left

rFire    . . .     SeeInvis .   p - +2 whip (holy)
rCold    + . .     Gourm    +   G - +0 buckler
rNeg     . . .     Faith    .   c - +0 leather armour
rPois    .         Spirit   .   R - +0 helmet
rElec    .         Reflect  .   z - +0 cloak
rCorr    .         Harm     .   (no gloves)
MR       .....                  y - +0 pair of boots of Qawuuw {rC+ Regen+ Dex+2}
Stlth    ++........             l - amulet of the gourmand
HPRegen  0.62/turn              D - +4 ring of strength
MPRegen  0.15/turn              (no ring)

@: corroded
A: small, mutation resistance 1
a: Recite, Vitalisation, Imprison, Donate Gold, Renounce Religion


You were on level 9 of the Dungeon.
You worshipped Zin.
Zin was greatly pleased with you.
You were not hungry.

You visited 2 branches of the dungeon, and saw 10 of its levels.

You collected 526 gold pieces.
You donated 185 gold pieces to Zin.

Inventory:

Hand Weapons
 e - a +2 dagger of speed
 p - a +2 whip of holy wrath (weapon)
 v - a +2 short sword of protection
 w - a +1 hunting sling
 N - a +0 dagger of venom
 S - a +0 blowgun
Missiles
 a - 154 stones (quivered)
 m - 20 poisoned needles
 q - 37 sling bullets
 C - 14 tomahawks
 Q - 7 curare-tipped needles
Armour
 c - a +0 leather armour (worn)
 y - the +0 pair of boots of Qawuuw (worn) {rC+ Regen+ Dex+2}
   (You found it on level 4 of the Dungeon)

   It affects your dexterity (+2).
   It protects you from cold.
   It increases your rate of regeneration.
 z - a +0 cloak (worn)
 G - a +0 buckler (worn)
 M - a +0 leather armour of positive energy
 R - a +0 helmet (worn)
Jewellery
 l - an amulet of the gourmand (around neck)
 D - a +4 ring of strength (left hand)
 H - a +3 amulet of reflection
 I - an uncursed ring of fire
 K - an uncursed ring of fire
Wands
 i - a wand of paralysis (8)
 O - a wand of acid (2)
Scrolls
 d - a scroll of random uselessness {unknown}
 g - 3 scrolls of blinking
 j - 7 scrolls of remove curse
 k - 2 scrolls of fear {unknown}
 n - 4 scrolls of noise {unknown}
 o - 5 scrolls of enchant weapon {unknown}
 s - 3 scrolls of teleportation {unknown}
 t - 2 scrolls of amnesia {unknown}
 x - a scroll of immolation {unknown}
 F - 2 scrolls of magic mapping {unknown}
 J - a scroll of enchant armour {unknown}
Potions
 b - 4 potions of haste
 h - 2 potions of magic
 r - 2 potions of agility {unknown}
 u - 2 potions of curing
 A - 2 potions of degeneration
 B - a potion of berserk rage {unknown}
 E - a potion of flight {unknown}
 L - a potion of heal wounds {unknown}
 P - a potion of might {unknown}
Comestibles
 f - 20 rations


   Skills:
 + Level 6.0 Fighting
 - Level 6.4 Short Blades
 * Level 12.1 Slings
 - Level 4.1 Armour
 + Level 6.5 Dodging
 - Level 1.1 Stealth
 - Level 5.1 Shields
 - Level 7.4 Invocations


You had 10 spell levels left.
You didn't know any spells.
Your spell library contained the following spells:

 Spells                   Type           Power        Failure   Level  Hunger
 Beastly Appendage        Tmut           #.....       52%         1    ##.....
 Magic Dart               Conj           #...         52%         1    ##.....
 Searing Ray              Conj           #.....       65%         2    ###....
 Sticks to Snakes         Tmut           #.......     65%         2    ###....
 Dazzling Spray           Conj/Hex       #.....       87%         3    ####...
 Spider Form              Tmut/Pois      #.........   87%         3    ####...
 Force Lance              Conj/Tloc      #.......     99%         4    #####..
 Fulminant Prism          Conj/Hex       #.........   99%         4    #####..
 Ice Form                 Ice/Tmut       #.......     99%         4    #####..
 Iskenderun's Mystic Bla  Conj           #.......     99%         4    #####..
 Blade Hands              Tmut           #.........   100%        5    ######.


Dungeon Overview and Level Annotations

Branches:
Dungeon (9/15)             Temple (1/1) D:6
   Lair: D:8-11         Orc: D:9-12

Altars:
Ashenzari
Cheibriados
Dithmenos
Elyvilon
Fedhas
Gozag
Hepliaklqana
Kikubaaqudgha
Makhleb
Nemelex Xobeh
Okawaru
Qazlal
Ru
Sif Muna
Trog
Uskayaw
Vehumet
Wu Jian
Xom
Yredelemnul
Zin
The Shining One

Shops:
D:4 %

Annotations:
D:5 exclusion: crimson imp, Menkaure
D:7 exclusion: oklob plant


Innate Abilities, Weirdness & Mutations

You are small and have problems with some larger weapons.
You are somewhat resistant to further mutation.


Message History

You hit the crimson imp.
The crimson imp convulses.
The crimson imp is moderately wounded.
The crimson imp zaps a wand.
The bolt of acid hits you!
* * * LOW HITPOINT WARNING * * *
The acid corrodes you!
You are splashed with acid!
The acid burns!
* * * LOW HITPOINT WARNING * * *
The now-empty wand crumbles to dust.
Evoke which item? (* to show all) (? for menu, Esc to quit)
Aiming: Corrosive Bolt
Press: ? - help, Shift-Dir - straight line, f - centaur, p - crimson imp
Aim: a centaur, wielding a whip The bolt of acid misses the crimson imp.
The bolt of acid misses the centaur.
You block the crimson imp's attack.
It was a potion of degeneration.
There was something very wrong with that liquid.
You feel weakened.
You feel dopey.
You feel clumsy. The crimson imp hits you with a whip.
* * * LOW HITPOINT WARNING * * *
The centaur hits you with a whip.
You die...

#....)....(...((.O.)##...
########.......#....##...
#.....(.#....##...
#.....^.#.........
#....<..#.........
#....)..#....#####
#.......#....#
#.......#.....
#@....).#...... #5c†....#
#..†....# #((....##
#(.÷(..# #..†..>#
#)..(.)# #.((().#
#.(..(.#


You could see a centaur and a crimson imp.

Vanquished Creatures
  2 two-headed ogres (D:9)
  Pikel (D:5)
  A wyvern (D:7)
  A hungry ghost (D:7)
  A steam dragon (D:9)
  2 chaos spawn (D:8)
  A sky beast (D:7)
  An orc warrior (D:9)
  2 ice beasts
  2 phantoms (D:7)
  2 wolves (D:9)
  6 ogres
  A centaur (D:6)
  A big kobold (D:9)
  5 bullfrogs
  A scorpion (D:8)
  4 killer bees (D:9)
  5 wights
  A howler monkey (D:5)
  A crimson imp (D:5)
  A bullfrog zombie (D:8)
  A centaur zombie (D:7)
  Crazy Yiuf (D:7)
  7 orc priests
  4 hounds
  4 jellies (D:7)
  2 bullfrog skeletons
  An iguana (D:5)
  7 orc wizards
  3 worker ants
  A hound zombie (D:9)
  A hound skeleton (D:7)
  A howler monkey zombie (D:7)
  3 gnolls (D:3)
  5 adders
  3 shadow imps
  13 oozes (D:7)
  An adder zombie (D:9)
  A worm (D:2)
  A dart slug (D:2)
  4 leopard geckos
  33 orcs
  A ball python (D:2)
  4 bats (D:2)
  7 giant cockroaches
  3 hobgoblins
  9 jackals
  4 quokkas
  4 frilled lizards
  4 goblins
  19 kobolds
  A quokka skeleton (D:4)
  6 rats
201 creatures vanquished.

Vanquished Creatures (others)
  An orc wizard (D:5)
  3 kobolds (D:9)
  2 fungi (D:7)
6 creatures vanquished.

Grand Total: 207 creatures vanquished

Notes
Turn   | Place    | Note
-------+----------+-------------------------------------------
     0 | D:1      | Folque the Halfling Hunter began the quest for the Orb.
     0 | D:1      | Reached XP level 1. HP: 14/14 MP: 1/1
   136 | D:1      | Reached skill level 6 in Slings
   266 | D:1      | Reached XP level 2. HP: 17/19 MP: 2/2
  1097 | D:2      | Reached XP level 3. HP: 24/25 MP: 3/3
  1692 | D:2      | Found a snail-covered altar of Cheibriados.
  1697 | D:2      | Reached XP level 4. HP: 30/30 MP: 4/4
  2099 | D:3      | Reached skill level 7 in Slings
  2102 | D:3      | Reached skill level 1 in Armour
  2467 | D:3      | Reached XP level 5. HP: 21/36 MP: 5/5
  3243 | D:4      | Got a pair of polished boots
  3252 | D:4      | Identified the +0 pair of boots of Qawuuw {rC+ Regen+
                  | Dex+2} (You found it on level 4 of the Dungeon)
  3482 | D:4      | Reached XP level 6. HP: 29/42 MP: 6/6
  3988 | D:4      | Found Jegurra's Food Shoppe.
  4038 | D:5      | Entered Level 5 of the Dungeon
  4053 | D:5      | Reached skill level 8 in Slings
  4133 | D:5      | Reached skill level 1 in Short Blades
  4238 | D:5      | Noticed Pikel
  4240 | D:5      | Noticed a slave
  4240 | D:5      | Noticed a slave
  4244 | D:5      | Noticed a slave
  4245 | D:5      | Noticed a slave
  4273 | D:5      | Killed Pikel
  4273 | D:5      | Reached skill level 5 in Short Blades
  4273 | D:5      | Reached XP level 7. HP: 38/49 MP: 7/7
  4273 | D:5      | Reached XP level 8. HP: 41/54 MP: 8/8
  4567 | D:5      | Noticed Menkaure
  5328 | D:6      | Found a staircase to the Ecumenical Temple.
  5362 | Temple   | Entered the Ecumenical Temple
  5450 | Temple   | Became a worshipper of Zin the Law-Giver
  5450 | Temple   | Reached * piety under Zin
  5516 | Temple   | Donated 133 gold pieces to Zin
  5684 | D:6      | Reached skill level 5 in Fighting
  5785 | D:6      | Reached ** piety under Zin
  5828 | D:6      | Reached skill level 1 in Invocations
  6075 | D:6      | Reached XP level 9. HP: 47/61 MP: 10/10
  6238 | D:7      | Reached skill level 1 in Shields
  6513 | D:7      | Reached skill level 5 in Invocations
  6643 | D:7      | Reached *** piety under Zin
  6701 | D:7      | Found a runed door.
  6706 | D:7      | Noticed Crazy Yiuf
  6720 | D:7      | Killed Crazy Yiuf
  6852 | D:7      | Reached skill level 5 in Shields
  6879 | D:7      | Noticed an oklob plant
  7210 | D:8      | Reached XP level 10. HP: 59/66 MP: 14/14
  7265 | D:8      | Reached skill level 9 in Slings
  7557 | D:8      | Found a sparkling altar of Nemelex Xobeh.
  7557 | D:8      | Found a hazy altar of Hepliaklqana.
  7557 | D:8      | Found a burning altar of Makhleb.
  7566 | D:8      | Reached skill level 5 in Dodging
  7588 | D:8      | Found a bloodstained altar of Trog.
  7662 | D:8      | Found the +7 mace of Variability {chain chaos}
  7663 | D:8      | Found a shimmering altar of Xom.
  7767 | D:8      | Reached **** piety under Zin
  7914 | D:8      | Reached skill level 10 in Slings
  8157 | D:9      | Noticed a two-headed ogre
  8206 | D:9      | Killed a two-headed ogre
  8206 | D:9      | Reached skill level 11 in Slings
  8281 | D:9      | Noticed a two-headed ogre
  8385 | D:9      | Killed a two-headed ogre
  8531 | D:9      | Reached XP level 11. HP: 25/72 MP: 16/16
  8643 | D:9      | Reached skill level 12 in Slings
  8694 | D:9      | HP: 3/72 [acid (10)]
  8696 | D:9      | HP: 1/72 [crimson imp/whip (3)]
  8696 | D:9      | Slain by a centaur

Skill      XL: |  1  2  3  4  5  6  7  8  9 10 11 |
---------------+----------------------------------+-----
Slings         | 6 7 8 11 12 | 12.1
Fighting       | 2 3 4 5 6 |  6.0
Armour         | 1 4 |  4.1
Dodging        | 3 4 6 |  6.5
Short Blades   | 5 6 |  6.4
Invocations    | 2 6 7 |  7.4
Shields        | 5 |  5.1
Stealth        | |  1.1

Action                   |  1- 3 |  4- 6 |  7- 9 | 10-12 || total
-------------------------+-------+-------+-------+-------++-------
Melee: Dagger            |    81 |   109 |   169 |   211 ||   570
       Whip              |       |     5 |    52 |    19 ||    76
       Short sword       |       |     3 |       |       ||     3
 Fire: Hunting sling     |    18 |    78 |   197 |   122 ||   415
       Blowgun           |       |       |       |    13 ||    13
Invok: Recite            |       |       |    20 |    18 ||    38
       Donate Gold       |       |       |     1 |       ||     1
       Vitalisation      |       |       |       |     2 ||     2
Evoke: Wand              |       |       |       |     5 ||     5
  Use: Potion            |       |     1 |       |     5 ||     6
       Scroll            |       |     4 |     4 |       ||     8
 Stab: Sleeping          |       |     3 |       |     1 ||     4
       Confused          |       |       |     4 |     6 ||    10
       Invisible         |       |       |       |     2 ||     2
       Paralysed         |       |       |       |     1 ||     1
  Eat: Chunk             |     2 |     8 |     7 |     9 ||    26
       Ration            |       |       |     1 |       ||     1
Armor: Leather armour    |    14 |    19 |    33 |    22 ||    88
Dodge: Dodged            |    55 |    90 |   140 |   158 ||   443
Block: Buckler           |       |       |    20 |    69 ||    89
